 Dungeon Sprint DCSS version 0.22.1-1-ga44c0e56f4 (webtiles) character file.

7579 MuseOD the Unseen (level 10, -5/59 HPs)
             Began as a Spriggan Enchanter on Oct 2, 2018.
             Was a High Priest of Dithmenos.
             Slain by a spriggan defender
             ... wielding a +0 dagger
              (7 damage)
             ... in the Dungeon (Sprint III: "The Ten Rune Challenge").
             The game lasted 00:05:48 (2350 turns).

MuseOD the Unseen (Spriggan Enchanter)              Turns: 2350, Time: 00:05:48

Health: -5/59      AC:  2    Str:  6    XL:     10   Next: 97%
Magic:  22/28      EV: 18    Int: 19    God:    Dithmenos [*****.]
Gold:   29         SH:  0    Dex: 18    Spells: 26/35 levels left

rFire    . . .     SeeInvis +   a - +1 dagger
rCold    . . .     Gourm    .   (shield restricted)
rNeg     . . .     Faith    .   b - +0 robe
rPois    .         Spirit   .   (helmet restricted)
rElec    +         Reflect  .   (no cloak)
rCorr    .         Harm     .   (gloves unavailable)
MR       +....     NoTele   +   (boots unavailable)
Stlth    ++++++++++             (no amulet)
HPRegen  0.19/turn              (no ring)
MPRegen  0.21/turn              (no ring)

@: wreathed by umbra, very quick
A: very small, unfitting armour, see invisible, blink, herbivore, speed 3,
electricity resistance, slow metabolism 2, strong 1
a: Blink, Shadow Step, Shadow Form, Renounce Religion


You were in the Dungeon.
You worshipped Dithmenos.
Dithmenos was extremely pleased with you.
You were very hungry.

You visited 1 branch You collected 29 gold pieces.

Inventory:

Hand Weapons
 a - a +1 dagger (weapon)
Armour
 b - a +0 robe (worn)
Wands
 s - a wand of scattershot (1)
Scrolls
 c - a scroll of amnesia {unknown}
 j - a scroll of blinking
 l - a scroll of torment {unknown}
 m - 3 scrolls of identify {unknown}
 n - a scroll of remove curse {unknown}
 p - a scroll of immolation {unknown}
 q - a scroll of fog {unknown}
Potions
 e - 2 potions of curing
 f - a potion of heal wounds
 g - a potion of haste
 h - 2 potions of magic
 i - 2 potions of berserk rage
 k - 2 potions of mutation
 o - a potion of lignification {unknown}
 r - a potion of flight {unknown}
 t - a potion of might
Comestibles
 d - 4 rations


   Skills:
 + Level 9.8 Fighting
 * Level 16.8 Short Blades
 - Level 3.0 Dodging
 + Level 17.1 Stealth
 + Level 13.2 Spellcasting
 + Level 10.5 Hexes


You had 26 spell levels left.
You knew the following spells:

 Your Spells              Type           Power        Failure   Level  Hunger
a - Corona                Hex            ######.      1%          1    None
b - Ensorcelled Hibernat  Hex/Ice        ####..       1%          2    None
c - Confuse               Hex            ######..     1%          3    None
d - Dazzling Spray        Conj/Hex       ####..       1%          3    None

Your spell library contained the following spells:

 Spells                   Type           Power        Failure   Level  Hunger
 Confusing Touch          Hex            ######       1%          1    None
 Tukima's Dance           Hex            ######..     1%          3    None
 Gell's Gravitas          Tloc           ##........   16%         3    None
 Metabolic Englaciation   Hex/Ice        ####......   17%         5    ####...
 Yara's Violent Unravell  Hex/Tmut       ####......   17%         5    ####...
 Petrify                  Tmut/Erth      ##......     47%         4    None


Dungeon Overview and Level Annotations

Branches:
Dungeon (1/1)

Altars:
Dithmenos
Elyvilon
Kikubaaqudgha
Okawaru
Ru
Sif Muna
Trog
Uskayaw
Vehumet
Wu Jian
Yredelemnul
Zin
The Shining One
Beogh

Annotations:
D exclusion: orange crystal statue


Innate Abilities, Weirdness & Mutations

You are very small and have problems with some larger weapons.
You are too small for most types of armour.
You have supernaturally acute eyesight. (SInv)
You are a herbivore.
You cover ground extremely quickly.
You need to consume almost no food.
You can translocate small distances at will.
You are resistant to electric shocks. (rElec)
Your muscles are strong. (Str +2)


Message History

The spriggan defender hits something with a dagger!
You catch the helpless spriggan defender completely off-guard!
You skewer the spriggan defender like a kebab!!!
You kill the spriggan defender!
Dithmenos accepts your kill.
Casting: Dazzling Spray (safe; 1% risk of failure)
Confirm with . or Enter, or press ? or * to list all spells.
Aiming: Dazzling Spray (safe; 1% risk of failure)
Press: ? - help, Shift-Dir - straight line, f - spriggan defender
Aim: a spriggan defender, wielding a dagger (black smoke, umbra)
The spray of energy hits the spriggan defender.
The spriggan defender is lightly wounded.
The spriggan defender is dazzled.
Your shadow mimicks your spell!
The shadow shard misses the spriggan defender.
The shadow shard hits the spriggan defender.
The spriggan defender hits you with a dagger!
* * * LOW HITPOINT WARNING * * *
The spriggan defender hits you with a dagger!
You die...

#§#####
#§§§..+
#.############
#.#%PP..§.....
#.#P§§§§§.#
#.#P§§§§# #
#.#i§§###8#
#.#i###§§§#
#.#@#§.§§§
#.#...§§§§
#.#.......#
#.........#
#########.# .


You could see 2 spriggan defenders.

Vanquished Creatures
  Frances (D)
  Donald (D)
  A yaktaur captain (D)
  Erolcha (D)
  A deep elf mage (D)
  2 yaktaurs (D)
  2 spriggan defenders (D)
  2 orc high priests (D)
  2 redbacks (D)
  A shadow (D)
  A necrophage (D)
  5 two-headed ogres (D)
  A jelly (D)
  2 orc priests (D)
  A wizard (D)
  A necromancer (D)
  A kobold demonologist (D)
  3 humans (D)
  2 oozes (D)
  A phantom (D)
  2 rats (D)
  A plant (D)
35 creatures vanquished.

Vanquished Creatures (others)
  2 draconian scorchers (D)
  6 hellions (D)
  2 yaktaurs (D)
10 creatures vanquished.

Grand Total: 45 creatures vanquished

Notes
Turn   | Place    | Note
-------+----------+-------------------------------------------
     0 | D        | MuseOD the Spriggan Enchanter began the quest for the Orb.
     0 | D        | Reached XP level 1. HP: 9/9 MP: 5/5
     4 | D        | Reached skill level 1 in Fighting
     4 | D        | Reached skill level 5 in Stealth
    12 | D        | Reached XP level 2. HP: 13/14 MP: 6/6
    16 | D        | Learned a level 2 spell: Ensorcelled Hibernation
    92 | D        | Killed a yaktaur
   113 | D        | Killed a hellion
   126 | D        | Reached skill level 6 in Stealth
   126 | D        | Reached XP level 3. HP: 4/18 MP: 2/8
   129 | D        | Killed a hellion
   143 | D        | Killed a hellion
   149 | D        | Killed a hellion
   162 | D        | Killed a hellion
   162 | D        | Killed a hellion
   187 | D        | Killed a white draconian scorcher
   249 | D        | Killed a white draconian scorcher
   253 | D        | Learned a level 3 spell: Confuse
   340 | D        | Killed a yaktaur
   777 | D        | Gained mutation: Your magical capacity is low. (-10% MP)
                  | [potion of mutation]
   777 | D        | Lost mutation: Your magical capacity is low. (-10% MP)
                  | [potion of mutation]
   777 | D        | Gained mutation: You have very sharp teeth. [potion of
                  | mutation]
   778 | D        | Lost mutation: You have very sharp teeth. [potion of
                  | mutation]
   778 | D        | Gained mutation: You are frail. (-10% HP) [potion of
                  | mutation]
   778 | D        | Gained mutation: You are partially covered in rugged brown
                  | scales. (AC +1, +3% HP) [potion of mutation]
   779 | D        | Lost mutation: You are frail. (-10% HP) [potion of
                  | mutation]
   779 | D        | Lost mutation: You are partially covered in rugged brown
                  | scales. (AC +1, +3% HP) [potion of mutation]
   779 | D        | Gained mutation: Your muscles are strong. (Str +2) [potion
                  | of mutation]
   779 | D        | Gained mutation: You are resistant to electric shocks.
                  | (rElec) [potion of mutation]
   779 | D        | Gained mutation: You can translocate small distances at
                  | will. [potion of mutation]
   780 | D        | Noticed a water elemental
   837 | D        | Found a basalt altar of Yredelemnul.
   837 | D        | Found a shadowy altar of Dithmenos.
   837 | D        | Found a sacrificial altar of Ru.
   837 | D        | Noticed a necrophage
   837 | D        | Noticed a necromancer
   841 | D        | Killed a necromancer
   841 | D        | Reached skill level 5 in Short Blades
   841 | D        | Reached skill level 7 in Stealth
   852 | D        | Killed a necrophage
   852 | D        | Reached skill level 8 in Stealth
   852 | D        | Reached skill level 5 in Spellcasting
   852 | D        | Reached XP level 4. HP: 21/24 MP: 1/12
   852 | D        | Reached XP level 5. HP: 24/28 MP: 1/13
   854 | D        | Became a worshipper of Dithmenos the Shadowed
   948 | D        | Learned a level 3 spell: Dazzling Spray
   954 | D        | Found a glowing silver altar of Zin.
   954 | D        | Found a glowing golden altar of the Shining One.
   954 | D        | Found a white marble altar of Elyvilon.
   954 | D        | Noticed a deep elf mage
   957 | D        | Killed a deep elf mage
   957 | D        | Reached skill level 5 in Fighting
   957 | D        | Reached skill level 10 in Short Blades
   957 | D        | Reached skill level 11 in Stealth
   957 | D        | Reached XP level 6. HP: 34/34 MP: 13/17
   957 | D        | Reached XP level 7. HP: 38/38 MP: 14/19
   993 | D        | Found a radiant altar of Vehumet.
   994 | D        | Found a deep blue altar of Sif Muna.
   994 | D        | Found an ancient bone altar of Kikubaaqudgha.
  1057 | D        | Reached * piety under Dithmenos
  1277 | D        | Found a hide-covered altar of Uskayaw.
  1277 | D        | Found a roughly hewn altar of Beogh.
  1277 | D        | Found an iron altar of Okawaru.
  1277 | D        | Found a bloodstained altar of Trog.
  1277 | D        | Found an ornate altar of the Wu Jian Council.
  1277 | D        | Noticed a human
  1278 | D        | Noticed a human
  1280 | D        | Killed a human
  1280 | D        | Reached skill level 12 in Stealth
  1281 | D        | Killed a human
  1296 | D        | Noticed a shadow
  1298 | D        | Killed a shadow
  1298 | D        | Reached ** piety under Dithmenos
  1298 | D        | Reached XP level 8. HP: 45/45 MP: 22/22
  1446 | D        | Reached skill level 13 in Stealth
  1521 | D        | Reached *** piety under Dithmenos
  1540 | D        | Noticed a two-headed ogre
  1575 | D        | Killed a two-headed ogre
  1575 | D        | Reached skill level 10 in Spellcasting
  1700 | D        | Noticed Erolcha
  1701 | D        | Noticed a two-headed ogre
  1717 | D        | Killed Erolcha
  1717 | D        | Reached skill level 14 in Stealth
  1717 | D        | Reached XP level 9. HP: 31/51 MP: 9/24
  1726 | D        | Killed a two-headed ogre
  1979 | D        | Reached **** piety under Dithmenos
  2003 | D        | Noticed Donald
  2003 | D        | Noticed Frances
  2005 | D        | Killed Frances
  2005 | D        | Reached skill level 15 in Short Blades
  2005 | D        | Reached skill level 15 in Stealth
  2005 | D        | Reached XP level 10. HP: 53/57 MP: 21/27
  2007 | D        | Killed Donald
  2007 | D        | Reached skill level 16 in Stealth
  2053 | D        | Reached ***** piety under Dithmenos
  2252 | D        | Noticed a yaktaur captain
  2260 | D        | Killed a yaktaur captain
  2260 | D        | Reached skill level 10 in Hexes
  2263 | D        | Reached skill level 17 in Stealth
  2333 | D        | Noticed an orange crystal statue
  2350 | D        | HP: 2/59 [spriggan defender/dagger (14)]
  2350 | D        | Slain by a spriggan defender

Skill      XL: |  1  2  3  4  5  6  7  8  9 10 |
---------------+-------------------------------+-----
Fighting       | 1 2 3 5 6 7 8 9 |  9.8
Short Blades   | 3 4 7 10 12 13 15 16 | 16.8
Stealth        | 5 6 8 11 12 14 15 17 | 17.1
Spellcasting   | 5 7 9 10 12 13 | 13.2
Hexes          | 6 8 10 | 10.5
Dodging        | |  3.0

Action                   |  1- 3 |  4- 6 |  7- 9 | 10-12 || total
-------------------------+-------+-------+-------+-------++-------
Melee: Dagger            |    29 |     1 |    43 |   155 ||   228
 Cast: Ensorcelled Hiber |     5 |       |     2 |       ||     7
       Confuse           |     8 |       |    20 |     3 ||    31
       Dazzling Spray    |       |       |     7 |     2 ||     9
Invok: Shadow Step       |       |       |     1 |     1 ||     2
Evoke: Wand              |     1 |     1 |       |       ||     2
  Use: Potion            |     3 |       |     1 |       ||     4
 Stab: Sleeping          |     6 |     1 |     7 |     6 ||    20
       Confused          |     1 |       |     7 |       ||     8
       Invisible         |       |       |     3 |     1 ||     4
Armor: Robe              |     2 |       |       |       ||     2
Dodge: Dodged            |    20 |       |    33 |     2 ||    55
